 Dungeon Crawl Stone Soup version 0.22-a0-369-gc73351f94e (webtiles) character file.

446 Jannitor the Grave Robber (level 6, -12/48 HPs)
             Began as a Mummy Necromancer on Apr 25, 2018.
             Killed by divine providence
             ... invoked by an orc priest
              (15 damage)
             ... on level 4 of the Dungeon.
             The game lasted 00:12:42 (6178 turns).

Jannitor the Grave Robber (Mummy Necromancer)       Turns: 6178, Time: 00:12:43

Health: -12/48     AC:  3    Str: 12    XL:     6   Next: 73%
Magic:  7/10       EV: 27    Int: 15    God:
Gold:   164        SH:  0    Dex: 13    Spells: 9/10 levels left

rFire    . . .     SeeInvis .     - Unarmed
rCold    + . .     Gourm    .   (no shield)
rNeg     + + +     Faith    .   a - +0 robe
rPois    ∞         Spirit   .   (no helmet)
rElec    .         Reflect  .   (no cloak)
rCorr    .         Harm     .   (no gloves)
MR       .....                  l - +0 pair of boots
Stlth    ++........             k - amulet of the acrobat
HPRegen  0.16/turn              b - ring of protection from fire
MPRegen  0.12/turn              (no ring)

@: no status effects
A: no food or potions, fire vulnerability, cold resistance 1, negative energy
resistance 3, torment resistance, unbreathing
a: no special abilities


You were on level 4 of the Dungeon.
You were not hungry.

You visited 1 branch of the dungeon, and saw 4 of its levels.

You collected 164 gold pieces.

Inventory:

Armour
 a - a +0 robe (worn)
 l - a +0 pair of boots (worn)
Jewellery
 b - a ring of protection from fire (left hand)
 k - an amulet of the acrobat (around neck)
 n - an uncursed amulet of guardian spirit
 o - a cursed ring of loudness {unknown}
 q - an uncursed amulet of regeneration {unknown}
Wands
 m - a wand of acid (14)
Scrolls
 c - 2 scrolls of fog {unknown}
 d - a scroll of enchant weapon {unknown}
 e - a scroll of enchant armour {unknown}
 f - 6 scrolls of identify {unknown}
 g - a scroll of random uselessness {unknown}
 h - a scroll of teleportation {unknown}
 i - 3 scrolls of blinking {unknown}
 j - a scroll of noise {unknown}
 p - a scroll of magic mapping {unknown}


   Skills:
 + Level 3.6 Fighting
 + Level 2.0 Dodging
 - Level 1.5 Stealth
 + Level 3.0 Unarmed Combat
 - Level 2.6 Spellcasting
 + Level 5.6 Necromancy


You had 9 spell levels left.
You knew the following spells:

 Your Spells              Type           Power        Failure   Level  Hunger
a - Pain                  Necr           ###.         1%          1    N/A

Dungeon Overview and Level Annotations

Branches:
Dungeon (4/15)
 Temple: D:4-7

Altars:
Ashenzari
Cheibriados
Okawaru


Innate Abilities, Weirdness & Mutations

You do not eat or drink.
Your flesh is vulnerable to fire.
You are immune to poison.
Your flesh is cold resistant. (rC+)
You are immune to negative energy. (rN+++)
You are immune to unholy pain and torment.
You can survive without breathing.


Message History

The centaur skeleton completely misses you.
The centaur skeleton completely misses you.
The centaur skeleton hits you.
* * * LOW HITPOINT WARNING * * *
The centaur skeleton hits you but does no damage.
The centaur skeleton misses you.
You see here 18 sling bullets.
The centaur skeleton barely misses you.
An orc priest comes into view. It is wielding a short sword.
The orc priest shouts!
The centaur skeleton completely misses you.
The centaur skeleton completely misses you.
The orc priest miscasts a cantrip.
The orc closely misses you. The centaur skeleton misses you.
The centaur skeleton hits you.
* * * LOW HITPOINT WARNING * * *
The orc priest calls down the wrath of Beogh upon you.
Beogh smites you!
You die...

###.........#..##
###.......o.###.#
###o....#####o#####
.....#### ##o#
.......## #.##
........## ##o#
.........## #.##
..........# ##Z#
.........## #@##
........###### ##)#
.............###..##
......%...#.....##.#
.........###.....#.##
.................##.#
#####..#.).).#...##.##
#.##.._..##..###.###
#..#.).).#..## #...###


You could see an orc priest, 3 orcs and a centaur skeleton.

Vanquished Creatures
  A howler monkey (D:4)
  A hound (D:4)
  3 orc priests
  An iguana (D:4)
  Terence (D:2)
  Natasha (D:3)
  An orc wizard (D:4)
  A worker ant (D:4)
  A gnoll (D:1)
  4 adders
  An ooze (D:4)
  3 worms
  A dart slug (D:1)
  5 leopard geckos
  19 orcs
  4 bats
  2 giant cockroaches
  8 hobgoblins
  7 jackals
  2 quokkas
  2 ball pythons
  6 frilled lizards
  4 goblins
  5 kobolds
  7 rats
91 creatures vanquished.

Notes
Turn   | Place    | Note
-------+----------+-------------------------------------------
     0 | D:1      | Jannitor the Mummy Necromancer began the quest for the Orb.
     0 | D:1      | Reached XP level 1. HP: 13/13 MP: 4/4
    41 | D:1      | Reached XP level 2. HP: 13/20 MP: 0/5
   177 | D:1      | Reached skill level 1 in Fighting
   249 | D:1      | Reached skill level 1 in Unarmed Combat
   563 | D:1      | Reached XP level 3. HP: 4/26 MP: 1/7
  1751 | D:2      | Noticed an ogre
  1889 | D:2      | Noticed Terence
  1996 | D:2      | Killed Terence
  1996 | D:2      | Reached XP level 4. HP: 31/33 MP: 1/8
  2833 | D:3      | Reached XP level 5. HP: 23/39 MP: 2/9
  3297 | D:3      | Reached skill level 5 in Necromancy
  3870 | D:3      | Found a shattered altar of Ashenzari.
  3870 | D:3      | Noticed Natasha
  3881 | D:3      | Killed Natasha
  4526 | D:4      | Found an iron altar of Okawaru.
  4811 | D:4      | Found an iron altar of Okawaru.
  4908 | D:4      | Reached XP level 6. HP: 34/47 MP: 4/10
  5016 | D:4      | Found a snail-covered altar of Cheibriados.
  6178 | D:4      | Killed from afar by an orc priest

Vault maps used:
D:1:      dpeg_arrival_tiny_c, kennysheep_boxes
D:2:      minmay_split_cup_small, uniq_terence
D:3:      first_ration, grunt_decor_one_mirror, ashenzari_altar_1, uniq_natasha
D:4:      grunt_temple_overflow_open, okawaru_ov_weapons_minmay

Skill      XL: |  1  2  3  4  5  6 |
---------------+-------------------+-----
Fighting       | 1 2 3 |  3.6
Unarmed Combat | 1 2 3 |  3.0
Necromancy     | 5 |  5.6
Dodging        | 2 |  2.0
Stealth        | |  1.5
Spellcasting   | |  2.6

Action                   |  1- 3 |  4- 6 || total
-------------------------+-------+-------++-------
Melee: Unarmed           |    28 |   125 ||   153
       Punch             |     1 |     2 ||     3
 Cast: Pain              |    84 |   141 ||   225
Armor: Robe              |     5 |    23 ||    28
Dodge: Dodged            |    29 |   138 ||   167

Table legend:
 A = Spawn XP
 B = Non-spawn XP
 C = Spawn XP percentage of total XP
 D = Spawn monster count
 E = Non-spawn monster count
 F = Spawn count percentage of total count
 G = Total turns spent on level
                    A         B        C        D         E        F      G
               +---------+---------+-------+---------+---------+-------+---------
         Total |       0 |     638 |   0.0 |       0 |      91 |   0.0 |  6178
               +---------+---------+-------+---------+---------+-------+---------
           D:1 |       0 |      55 |   0.0 |       0 |      25 |   0.0 |  1334
           D:2 |       0 |     104 |   0.0 |       0 |      19 |   0.0 |  1394
           D:3 |       0 |     152 |   0.0 |       0 |      27 |   0.0 |  1769
           D:4 |       0 |     327 |   0.0 |       0 |      20 |   0.0 |  1681
               +---------+---------+-------+---------+---------+-------+---------
